AoeStats
← 客官

Fortress

508179839Analyzed
4v4 RM · 12d ago on Sep 21, 2026· 48m 46s· 8 players
Game mode
Random Map
Map size
Huge
Population
200
Speed
Normal
Resources
Standard
Victory
Conquest
Starting age
Dark Age
Ending age
Imperial Age
RankedLock teamsTeams togetherTeam positionsShared explorationLock speedFull tech treeHidden civsTurbo modeCheats
Victory
Defeat
🇪🇸 Mongols · Spain
1587
+10
🇨🇳 Magyars · China
1385
+18
🇦🇷 Britons · Argentina
1373
+19
🇻🇳 Bengalis · Vietnam
1330
+21
1528
-20
🇫🇮 Lithuanians · Finland
1442
-17
🇯🇵 Spanish · Japan
1405
-16
🇨🇳 Wu · China
1394
-15
7777777
8:04 Feudal Age
11:29 Castle Age
9:31 Double-Bit Axe
10:05 Horse Collar
11:53 Gold Mining
11:55 Stone Mining
13:12 Heavy Plow
17:48 Loom
19:02 Stone Shaft Mining
20:30 Wheelbarrow
21:55 Hand Cart
23:21 Bow Saw
26:39 Imperial Age
24:37 Scale Barding Armor
24:45 Forging
26:02 Bloodlines
25:52 Husbandry
26:19 Chain Barding Armor
26:35 Iron Casting
27:27 Cavalier
27:38 Light Cavalry
28:58 Conscription
29:16 Plate Barding Armor
29:23 Paladin
30:52 Winged Hussar
34:55 Fletching
35:46 Caravan
36:05 Town Watch
PeterWong1988
7:53 Feudal Age
11:52 Castle Age
10:37 Loom
24:12 Horse Collar
28:06 Double-Bit Axe
28:25 Heavy Plow
29:33 Ballistics
30:16 Husbandry
30:27 Bloodlines
35:25 Imperial Age
38:20 Thumb Ring
39:06 Padded Archer Armor
41:42 Hoardings
41:37 Elite Conquistador
48:16 Leather Archer Armor
执者如旗
8:04 Feudal Age
9:37 Loom
12:22 Castle Age
10:35 Double-Bit Axe
11:45 Fletching
12:02 Gold Mining
15:13 Bodkin Arrow
19:08 Padded Archer Armor
21:23 Leather Archer Armor
23:53 Red Cliffs Tactics
28:33 Wheelbarrow
30:09 Bow Saw
31:14 Hand Cart
35:03 Imperial Age
32:51 Hand Cart
35:12 Ballistics
35:50 Bracer
36:31 Elite Skirmisher
41:45 Chemistry
DetectiveYemitoShumafuk
6:34 Feudal Age
10:41 Castle Age
8:48 Horse Collar
10:00 Double-Bit Axe
17:32 Wheelbarrow
17:31 Heavy Plow
19:26 Loom
20:06 Bow Saw
20:43 Gold Mining
24:19 Imperial Age
22:25 Hand Cart
22:31 Hand Cart
22:21 Stone Mining
23:12 Town Watch
24:12 Stone Shaft Mining
26:13 Conscription
28:06 Chemistry
27:28 Elite Organ Gun
29:58 Bombard Tower
30:10 Masonry
33:03 Caravan
34:51 Ballistics
37:25 Arquebus
38:17 Scale Mail Armor
38:27 Forging
37:54 Pikeman
39:06 Chain Mail Armor
38:17 Halberdier
40:34 Iron Casting
41:55 Plate Mail Armor
42:25 Blast Furnace
42:24 Arson
42:26 Gambesons
44:40 Scale Barding Armor
47:07 Architecture
46:43 Siege Engineers
46:19 Treadmill Crane
49:20 Coinage
Cleopatra
6:42 Feudal Age
10:41 Castle Age
8:44 Horse Collar
9:19 Double-Bit Axe
12:13 Wheelbarrow
12:16 Fletching
12:48 Padded Archer Armor
16:30 Bodkin Arrow
18:52 Loom
19:25 Leather Archer Armor
20:33 Ballistics
20:40 Bow Saw
26:56 Imperial Age
25:05 Stone Mining
25:05 Gold Mining
24:48 Crossbowman
28:45 Chemistry
28:30 Arbalester
30:15 Bracer
33:46 Conscription
38:58 Scale Mail Armor
39:21 Elite Skirmisher
42:15 Caravan
42:55 Pikeman
43:21 Arson
43:36 Squires
44:00 Hand Cart
44:47 Two-Man Saw
43:47 Heavy Plow
45:32 Gold Shaft Mining
45:33 Halberdier
47:37 Ring Archer Armor
47:22 Chain Mail Armor
47:18 Forging
46:56 Gambesons
AutoClickerv3
6:44 Feudal Age
10:33 Castle Age
9:20 Double-Bit Axe
10:01 Horse Collar
18:06 Loom
19:01 Wheelbarrow
21:04 Bow Saw
21:00 Gold Mining
21:04 Town Watch
21:54 Stone Mining
22:43 Gold Shaft Mining
22:13 Heavy Plow
23:06 Hand Cart
24:17 Stone Shaft Mining
26:56 Imperial Age
24:55 Nomads
25:05 Fletching
25:47 Bodkin Arrow
26:51 Ballistics
26:34 Padded Archer Armor
26:32 Murder Holes
26:48 Masonry
27:02 Capped Ram
27:53 Bracer
28:54 Chemistry
29:15 Conscription
29:02 Elite Mangudai
30:32 Drill
30:48 Hoardings
30:59 Bloodlines
30:49 Husbandry
31:42 Siege Engineers
32:06 Leather Archer Armor
31:56 Siege Ram
34:11 Town Patrol
34:22 Fortified Wall
34:16 Squires
34:01 Arson
34:23 Scale Barding Armor
34:29 Forging
34:02 Sappers
38:37 Chain Barding Armor
38:53 Iron Casting
41:34 Blast Furnace
40:04 Light Cavalry
42:21 Scale Mail Armor
42:50 Caravan
42:53 Hussar
45:27 Chain Mail Armor
客官
7:23 Feudal Age
9:29 Wheelbarrow
12:10 Castle Age
10:18 Horse Collar
10:45 Double-Bit Axe
14:57 Bow Saw
20:40 Heavy Plow
20:32 Gold Mining
20:34 Loom
21:52 Hand Cart
21:23 Town Watch
22:44 Stone Mining
23:39 Gold Shaft Mining
26:35 Imperial Age
24:15 Scale Barding Armor
25:16 Husbandry
25:37 Bloodlines
26:13 Chain Barding Armor
27:54 Conscription
28:15 Hoardings
27:32 Cavalier
29:10 Plate Barding Armor
28:38 Fletching
29:33 Paladin
30:21 Light Cavalry
34:07 Hussar
40:07 Caravan
42:05 Arson
41:40 Pikeman
42:22 Scale Mail Armor
45:01 Halberdier
45:59 Chain Mail Armor
Spartacus
7:48 Feudal Age
11:51 Castle Age
10:32 Double-Bit Axe
11:33 Horse Collar
12:54 Bow Saw
14:01 Heavy Plow
16:29 Fletching
28:14 Imperial Age
30:03 Bodkin Arrow
30:09 Padded Archer Armor
30:53 Crop Rotation
30:55 Conscription
31:42 Bracer
32:55 Leather Archer Armor
33:14 Coinage
33:22 Elite Elephant Archer
35:23 Wheelbarrow
34:33 Town Watch
34:34 Loom
35:01 Forging
36:09 Ring Archer Armor
37:19 Hand Cart
38:44 Chemistry
38:13 Ballistics
38:52 Bloodlines
38:43 Husbandry
39:53 Elite Skirmisher
40:54 Masonry
40:52 Siege Engineers
41:09 Pikeman
41:49 Squires
41:35 Arson
42:01 Forging
41:52 Scale Mail Armor
43:44 Iron Casting
44:30 Two-Man Saw
44:17 Chain Mail Armor
45:43 Blast Furnace
44:42 Halberdier
46:57 Fortified Wall
46:59 Masonry
46:45 Murder Holes
49:01 Caravan
49:32 Banking
49:13 Guilds
Connection lost

Rejoining the realm…

Still unreachable

The connection could not be restored.

Session expired

The server has moved on; the page needs a fresh start.